 Dungeon Crawl Stone Soup version 0.31.0-11-ge490571c62 (webtiles) character file.

Game seed: 18262467633455502558

108 qw the Ducker (level 4, -1/22 HPs)
             Began as a Spriggan Hunter on Feb 4, 2024.
             Slain by an orc priest
             ... wielding a +0 trident
              (8 damage)
             ... on level 3 of the Dungeon.
             The game lasted 00:00:06 (1794 turns).

qw the Ducker (Spriggan Hunter)                     Turns: 1794, Time: 00:00:07

Health: -1/22      AC:  4    Str:  7    XL:     4   Next: 58%
Magic:  5/5        EV: 20    Int: 10    God:
Gold:   140        SH:  0    Dex: 20    Spells: 3/3 levels left

rFire   . . .        a - +0 shortbow
rCold   . . .        (shield currently unavailable)
rNeg    . . .        c - +0 robe
rPois   .            (helmet restricted)
rElec   .            b - +1 cloak
rCorr   .            (gloves unavailable)
SInv    +            (boots unavailable)
Will    .....        (no amulet)
Stlth   ++           (no ring)
HPRegen 0.23/turn    (no ring)
MPRegen 0.09/turn

%: no passive effects
@: very quick
A: very small, no large weapons, unfitting armour, see invisible, speed 3
a: no special abilities


You were on level 3 of the Dungeon.
You visited 1 branch of the dungeon, and saw 3 of its levels.

You collected 140 gold pieces.


Innate Abilities, Weirdness & Mutations

You are very small and have problems with some larger weapons.
You are too small for most types of armour.
You have supernaturally acute eyesight. (SInv)
You cover ground extremely quickly. (Speed+++)


   Skills:
 + Level 1.6 Fighting
 - Level 5.0 Ranged Weapons
 - Level 5.1 Dodging
 - Level 1.5 Stealth


You had 3 spell levels left.
You didn't know any spells.
Your spell library was empty.

Inventory:

Hand Weapons
 a - a +0 shortbow (weapon)
Armour
 b - a +1 cloak (worn)
 c - a +0 robe (worn)
Jewellery
 e - a ring of ice
Potions
 f - a potion of lignification {unknown}
 h - a potion of curing
 i - a potion of degeneration {unknown}

Dungeon Overview and Level Annotations

Branches:
Dungeon (3/15)

Altars:
Elyvilon

Annotations:
D:3 Terence


Message History

An orc comes into view. It is wielding a +0 club.
The orc priest looks satisfied for a moment.
Enter note:
Enter note:
1785 ||| RETREEEEATING.
You shoot an arrow. The arrow barely misses Terence.
You shoot an arrow. The arrow hits the orc priest.
The orc priest is moderately wounded.
The orc priest looks braver for a moment.
You shoot an arrow. The arrow hits Terence.
Terence is lightly wounded.
You hear a shout!
You shoot an arrow.
The arrow hits Terence but does no damage.
Terence is lightly wounded.
The orc priest invokes the aid of Beogh against you.
Beogh smites you!
Ouch! That really hurt!
You hear a shout!
You shoot an arrow. The arrow closely misses Terence.
Terence completely misses you.
An orc wizard comes into view. It is wielding a +0 dagger.
You shoot an arrow. The arrow closely misses Terence.
Terence closely misses you.
The orc wizard casts a spell.
The orc wizard flickers and vanishes for a moment.
Terence closely misses you.
You hear a shout!
You shoot an arrow. The arrow hits Terence.
Terence is moderately wounded.
Terence completely misses you.
You shoot an arrow. The arrow hits the orc priest.
The orc priest is moderately wounded.
Terence completely misses you.
The orc priest hits you from afar with a +0 trident.
Enter note:
1794 ||| RETREEEEATING.
An orc comes into view. It is wielding a +0 war axe.
The orc priest hits you with a +0 trident!
You die...

######.##### ### #####
#.........# # .... ...#
#.####.##.###
##...##.####.###...#.##.
......................+.
##o.o##.####.###...#.##?
.....)o.####.# #..##.###
.##...@o...#.# #.###.# #
#..##@##.#.###.###.# #..
#.##.#......?..#
#.....##.#####.#####
#.##..##.# #.# #..##.#
#.# ......# #.# ####
##.##### #.. .... #. ###
###. .. #.


You could see Terence, an orc priest, an orc wizard (invisible) and 2 orcs.

Vanquished Creatures
  Jessica (D:3)
  An adder (D:2)
  5 dart slugs
  4 ribbon worms (D:2)
  An orc (D:3)
  2 ball pythons
  5 bats
  2 endoplasms
  A giant cockroach (D:1)
  4 goblins
  3 hobgoblins
  2 jackals (D:1)
  3 quokkas (D:1)
  2 frilled lizards
  11 kobolds
  5 rats
52 creatures vanquished.

Notes
Turn   | Place    | Note
-------+----------+-------------------------------------------
     0 | D:1      | qw the Spriggan Hunter began the quest for the Orb.
     0 | D:1      | Reached XP level 1. HP: 10/10 MP: 2/2
     0 | D:1      | 0 ||| qw: Version: 0.3-a-160-g6735b56
     0 | D:1      | 0 ||| qw: Game counter: 4336
     0 | D:1      | 0 ||| qw: Melee chars always use a shield: true
     0 | D:1      | 0 ||| qw: God list: Okawaru
     0 | D:1      | 0 ||| qw: Allow faded altars: false
     0 | D:1      | 0 ||| qw: Do Orc after clearing Dungeon:15 true
     0 | D:1      | 0 ||| qw: Do second Lair branch before Depths: true
     0 | D:1      | 0 ||| qw: Lair rune preference: random
     0 | D:1      | 0 ||| qw: Goals: Normal
     0 | D:1      | 0 ||| PLANNING D:1-11
    30 | D:1      | Reached skill level 3 in Dodging
   182 | D:1      | Reached XP level 2. HP: 14/14 MP: 3/3
   741 | D:1      | Reached XP level 3. HP: 16/18 MP: 4/4
   865 | D:1      | 865 ||| READING scroll labelled GOR EL YPESK.
   866 | D:1      | 866 ||| READING scroll labelled BYTIUNT MUBA.
   867 | D:1      | 867 ||| DROPPING scroll of butterflies.
  1073 | D:2      | 1073 ||| FLEEEEING.
  1074 | D:2      | 1074 ||| FLEEEEING.
  1338 | D:2      | Found a white marble altar of Elyvilon.
  1489 | D:2      | Reached XP level 4. HP: 22/22 MP: 5/5
  1556 | D:2      | 1556 ||| UPGRADING to +1 cloak.
  1561 | D:2      | 1561 ||| READING scroll labelled YTIDWA MEIG.
  1562 | D:2      | 1562 ||| DRINKING 2 brown potions.
  1694 | D:3      | Noticed Jessica
  1697 | D:3      | Killed Jessica
  1782 | D:3      | Noticed Terence
  1785 | D:3      | 1785 ||| RETREEEEATING.
  1794 | D:3      | 1794 ||| RETREEEEATING.
  1794 | D:3      | Slain by an orc priest

Levels and vault maps discovered:
D:1:      dpeg_arrival_simpleton_c, layout_loops_corners
D:2:      layout_loops_cross, basic_altar
D:3:      layout_loops_corners, minitemple, kennysheep_generic_room_15,
          uniq_crazy_yiuf_cottage, uniq_grinder, uniq_terence, uniq_jessica

Skill      XL: |  1  2  3  4 |
---------------+-------------+-----
Dodging        | 3 4 5 |  5.1
Ranged Weapons | 5 |  5.0
Fighting       | |  1.6
Stealth        | |  1.5

Action                     |  1- 3 |  4- 6 || total
---------------------------+-------+-------++-------
   Fire: Shortbow          |   111 |    35 ||   146
    Use: Scroll            |     2 |     1 ||     3
         Potion            |       |     1 ||     1
 Armour: Robe              |    15 |     2 ||    17
  Dodge: Dodged            |    33 |     6 ||    39

Table legend:
 A = Non-vault XP
 B = Vault XP
 C = Vault XP percentage of total XP
 D = Non-vault monster count
 E = Vault monster count
 F = Vault count percentage of total count
                 A         B        C        D         E       F
            +---------+---------+-------+---------+---------+-------
      Total |     117 |      38 |  24.5 |      50 |       2 |   3.8
            +---------+---------+-------+---------+---------+-------
        D:1 |      41 |       0 |   0.0 |      21 |       0 |   0.0
        D:2 |      68 |       0 |   0.0 |      24 |       0 |   0.0
        D:3 |       8 |      38 |  82.6 |       5 |       2 |  28.6
            +---------+---------+-------+---------+---------+-------
